 Dungeon Crawl Stone Soup version 0.23-a0-79-gaa8cc03 (webtiles) character file.

7 Amnesiac the Gusty (level 1, 0/13 HPs)
             Began as a Mummy Air Elementalist on Aug 11, 2018.
             Slain by an orc
             ... wielding a +0 club
              (2 damage)
             ... on level 2 of the Dungeon.
             The game lasted 00:00:58 (234 turns).

Amnesiac the Gusty (Mummy Air Elementalist)          Turns: 234, Time: 00:00:59

Health: 0/13       AC:  2    Str: 11    XL:     1   Next: 91%
Magic:  0/4        EV: 12    Int: 14    God:
Gold:   39         SH:  0    Dex: 12    Spells: 4/5 levels left

rFire    x . .     SeeInvis .   e - +0 short sword
rCold    + . .     Gourm    .   (no shield)
rNeg     + + +     Faith    .   a - +0 robe
rPois    ∞         Spirit   .   (no helmet)
rElec    .         Reflect  .   (no cloak)
rCorr    .         Harm     .   (no gloves)
MR       .....                  (no boots)
Stlth    ++........             (no amulet)
HPRegen  0.04/turn              (no ring)
MPRegen  0.09/turn              (no ring)

@: no status effects
A: no food or potions, fire vulnerability, cold resistance 1, negative energy
resistance 3, torment resistance, unbreathing
a: no special abilities


You were on level 2 of the Dungeon.
You were not hungry.

You visited 1 branch of the dungeon, and saw 3 of its levels.

You collected 39 gold pieces.

Inventory:

Hand Weapons
 e - a +0 short sword (weapon)
Armour
 a - a +0 robe (worn)
Scrolls
 b - a scroll of magic mapping {!r, unknown}
 c - a scroll of random uselessness {!r, unknown}
 d - a scroll of identify {!r, unknown}


   Skills:
 - Level 1.5 Dodging
 - Level 1.5 Stealth
 + Level 2.7 Spellcasting
 - Level 0.7 Conjurations
 * Level 2.8 Air Magic


You had 4 spell levels left.
You knew the following spells:

 Your Spells              Type           Power        Failure   Level  Hunger
a - Shock                 Conj/Air       #...         11%         1    N/A

Your spell library contained the following spells:

 Spells                   Type           Power        Failure   Level  Hunger
 Lightning Bolt           Conj/Air       #.........   96%         5    N/A
 Swiftness                Chrm/Air       #.......     19%         2    N/A
 Airstrike                Air            ##........   56%         4    N/A
 Static Discharge         Conj/Air       #.......     30%         3    N/A

Dungeon Overview and Level Annotations

Branches:
Dungeon (3/15)

Altars:
Elyvilon

Annotations:
D:1 1 runed door


Innate Abilities, Weirdness & Mutations

You do not eat or drink.
Your flesh is vulnerable to fire.
You are immune to poison.
Your flesh is cold resistant. (rC+)
You are immune to negative energy. (rN+++)
You are immune to unholy pain and torment.
You can survive without breathing.


Message History

The orc shouts! x2
The kobold shouts!
The hobgoblin shouts!
You hear a shout! x3
The orc hits you with a whip. The orc hits you with a club.
The orc hits you but does no damage.
You climb upwards.
There is a stone staircase leading down here.
Casting: Shock (safe; 11% risk of failure)
Confirm with . or Enter, or press ? or * to list all spells.
Aiming: Shock (safe; 11% risk of failure)
Press: ? - help, Shift-Dir - straight line, f - orc
Aim: an orc, wielding a trident (almost dead)
The zap misses the orc. x2; The orc closely misses you.
Unknown command.
Casting: Shock (safe; 11% risk of failure)
Confirm with . or Enter, or press ? or * to list all spells.
Aiming: Shock (safe; 11% risk of failure)
Press: ? - help, Shift-Dir - straight line, f/p - orc
Aim: an orc, wielding a trident (almost dead)
The zap misses the orc. x2; The orc closely misses you.
Unknown command.
Casting: Shock (safe; 11% risk of failure)
Confirm with . or Enter, or press ? or * to list all spells.
Aiming: Shock (safe; 11% risk of failure)
Press: ? - help, Shift-Dir - straight line, f/p - orc
Aim: an orc, wielding a trident (almost dead)
The zap hits the orc.
You kill the orc!
Training target 2.7 for Air Magic reached!
You need to enable at least one skill for training.
The zap hits the orc.
The orc is heavily wounded.
The orc closely misses you.
Casting: Shock (safe; 11% risk of failure)
Confirm with . or Enter, or press ? or * to list all spells.
Aiming: Shock (safe; 11% risk of failure)
Press: ? - help, Shift-Dir - straight line, f - orc
Aim: an orc, wielding a club and wearing a chain mail The zap hits the orc.
The orc is lightly wounded.
The orc misses you. The orc hits you with a whip.
* * * LOW HITPOINT WARNING * * *
Casting: Shock (safe; 11% risk of failure)
Confirm with . or Enter, or press ? or * to list all spells.
You don't have enough magic to cast that spell.
Unknown command.
You barely miss the orc.
The orc is heavily wounded.
The orc hits you with a club.
* * * LOW HITPOINT WARNING * * *
The orc hits you with a whip.
* * * LOW HITPOINT WARNING * * *
You hit the orc.
You kill the orc!
The orc barely misses you.
Things that are here:
a whip; a trident; an orc corpse The orc hits you but does no damage.
Casting: Shock (safe; 11% risk of failure)
Confirm with . or Enter, or press ? or * to list all spells.
Aiming: Shock (safe; 11% risk of failure)
Press: ? - help, Shift-Dir - straight line, f/p - orc
Aim: an orc, wielding a club and wearing a chain mail The zap misses the orc. x2; The orc hits you with a club.
You die...

###########
#.........#
#.......#.###
#..##.......
#..##.#.#.##
####..##.#....##
#..o@..........#
#.###.####....##
#.# #.# #.#.##
#.# #.####.# #
#.# #......# #.#
######## #.#
#.## #..##


You could see an orc.

Vanquished Creatures
  A leopard gecko (D:2)
  2 orcs (D:2)
  2 kobolds (D:2)
5 creatures vanquished.

Notes
Turn   | Place    | Note
-------+----------+-------------------------------------------
     0 | D:1      | Amnesiac the Mummy Air Elementalist began the quest for the Orb.
     0 | D:1      | Reached XP level 1. HP: 13/13 MP: 4/4
     3 | D:1      | Found a runed door.
    56 | D:2      | Found a white marble altar of Elyvilon.
   234 | D:2      | Slain by an orc

Vault maps used:
D:1:      dpeg_arrival_caged_fury, st_stairs_5
D:2:      old_standard_altar, marbit_many_paths, okawaru_ov_weapons_minmay,
          uniq_robin
D:3:      first_ration, serial_glass, glass_columns_a, glass_columns_a,
          gammafunk_ghost_cemetery

Action                   || total
-------------------------++-------
Melee: Short sword       ||     3
 Cast: Shock             ||    10
 Stab: Sleeping          ||     1
Armor: Robe              ||     1
Dodge: Dodged            ||     8

Table legend:
 A = Non-vault XP
 B = Vault XP
 C = Vault XP percentage of total XP
 D = Non-vault monster count
 E = Vault monster count
 F = Vault count percentage of total count
 G = Total turns spent on level
                 A         B        C        D         E       F
            +---------+---------+-------+---------+---------+-------
      Total |      10 |       1 |   9.1 |       4 |       1 |  20.0
            +---------+---------+-------+---------+---------+-------
        D:2 |      10 |       1 |   9.1 |       4 |       1 |  20.0
            +---------+---------+-------+---------+---------+-------
